Map: Вечная империя РВ

Players

Zilord

  • Race: Zerg Zerg
  • League: Diamond
  • Spawn Location: 7:00

Kantara - Winner!

  • Race: Protoss Protoss
  • League: Diamond
  • Spawn Location: 1:00

VOD

Have the link to the VOD?

Description

Time

  • Played on: Dec. 5, 2020, 7:15 p.m.
  • Length: 25:08
Show
View Real Time Build Order
Export as new Build Order

Zilord Zerg 

Build Orders: Hatch First, Lurkers 

Get SALT Encoding   

  12  0:00  Drone  
  13  0:15  Overlord  
  13  0:17  Drone  
  14  0:34  Drone x2  
  16  0:48  Hatchery  
  15  0:53  Drone  
  17  0:57  Drone  
  17  1:02  Drone  
  18  1:11  Extractor  
  17  1:16  Spawning Pool  
  17  1:18  Drone  
  17  1:22  Drone  
  18  1:31  Drone  
  19  1:42  Drone  
  20  1:55  Overlord  
  20  2:03  Queen x2  
  20  2:04  Zergling x4  
  26  2:20  Drone x2  
  28  2:29  Drone  
  29  2:35  Hatchery  
  28  2:40  Queen  
  30  2:45  Queen  
  30  2:49  Drone  
  33  3:00  Overlord  
  33  3:01  Drone  
  33  3:02  Drone x2  
  36  3:18  Queen  
  38  3:29  Pneumatized Carapace  
  38  3:32  Overlord, Drone  
  38  3:33  Overlord  
  39  3:35  Drone x4  
  39  3:36  Drone  
  44  3:42  Metabolic Boost  
  44  3:47  Spore Crawler  
  43  3:49  Spore Crawler  
  43  3:51  Queen  
  43  3:54  Drone  
  45  3:59  Overlord  
  45  4:10  Drone  
  45  4:11  Drone x5  
  45  4:14  Evolution Chamber  
  50  4:17  Drone x2  
  50  4:18  Drone  
  53  4:25  Drone x4  
  57  4:36  Drone x4  
  57  4:37  Overlord  
  61  4:45  Roach Warren  
  61  4:50  Overlord x2  
  60  4:54  Lair, Extractor  
  60  4:55  Extractor  
  60  4:56  Extractor  
  60  4:59  Drone x3, Extractor  
  57  5:18  Drone  
  57  5:19  Drone x3  
  57  5:20  Queen, Drone  
  64  5:25  Drone x2  
  64  5:27  Drone x2  
  64  5:28  Drone x4  
  72  5:31  Evolution Chamber  
  72  5:33  Drone, Evolution Chamber  
  72  5:35  Baneling Nest  
  70  5:36  Drone x3  
  73  5:48  Drone  
  73  5:49  Overlord, Drone x3  
  77  6:01  Glial Reconstitution, Hatchery  
  77  6:02  Zerg Missile Weapons Level 1  
  76  6:07  Overseer  
  76  6:15  Zerg Melee Weapons Level 1  
  76  6:17  Drone  
  76  6:18  Drone x2, Hydralisk Den  
  78  6:23  Overlord x2, Spore Crawler  
  77  6:30  Spore Crawler  
  77  6:32  Spore Crawler  
  73  6:41  Spore Crawler  
  73  6:42  Queen x3, Spore Crawler  
  71  7:02  Hydralisk  
  71  7:03  Hydralisk x8  
  71  7:05  Overlord x3  
  87  7:28  Hydralisk x8  
  101  7:38  Grooved Spines  
  101  7:40  Drone  
  101  7:41  Overlord, Drone  
  103  7:54  Hydralisk x4  
  103  7:56  Overlord x2  
  111  8:11  Drone x3  
  111  8:12  Overlord, Drone x6  
  120  8:13  Overlord x2  
  120  8:17  Zerg Missile Weapons Level 2  
  120  8:18  Zerg Ground Armor Level 1  
  114  8:43  Overlord  
  114  8:44  Overlord  
  114  8:45  Drone x10  
  124  8:49  Muscular Augments  
  124  8:52  Centrifical Hooks  
  124  8:55  Lurker Den  
  123  8:56  Spire  
  123  8:57  Spire  
  123  8:59  Infestation Pit  
  123  9:00  Drone  
  121  9:03  Unknown  
  120  9:13  Hatchery  
  120  9:14  Hatchery  
  120  9:15  Hatchery  
  120  9:16  Overseer  
  117  9:22  Drone x4  
  121  9:35  Drone x2  
  123  9:41  Extractor  
  123  9:45  Hatchery  
  121  9:46  Hive  
  121  9:48  Burrow  
  121  9:50  Hydralisk x6  
  121  9:51  Hydralisk x2  
  137  10:00  Zergling x18  
  126  10:10  Corruptor  
  126  10:11  Corruptor x3  
  122  10:19  Corruptor x2  
  126  10:26  Corruptor x2  
  130  10:30  Zergling x2  
  130  10:31  Zergling x14  
  130  10:34  Extractor  
  130  10:35  Spore Crawler  
  136  10:36  Spore Crawler  
  136  10:37  Extractor  
  136  10:38  Spore Crawler  
  136  10:39  Spore Crawler  
  136  10:40  Drone, Spore Crawler  
  136  10:41  Drone x5, Spore Crawler  
  136  10:43  Spore Crawler  
  136  10:45  Zerg Ground Armor Level 2  
  135  10:55  Spore Crawler  
  134  10:57  Corruptor x4  
  134  11:01  Drone x9  
  151  11:12  Drone  
  151  11:13  Drone x4  
  154  11:27  Overlord, Drone x2  
  154  11:28  Overlord  
  154  11:31  Corruptor  
  154  11:32  Corruptor x4  
  166  11:36  Zerg Flyer Weapons Level 1, Zerg Flyer Armor Level 1  
  166  11:39  Seismic Spines  
  166  11:48  Spore Crawler  
  165  11:56  Lurker x5  
  165  11:58  Spore Crawler x3  
  165  11:59  Spore Crawler  
  166  12:01  Adrenal Glands  
  166  12:04  Drone x2  
  166  12:05  Drone x2  
  170  12:10  Corruptor x2  
  174  12:19  Hatchery  
  173  12:36  Adaptive Talons  
  173  12:52  Corruptor  
  173  12:53  Corruptor x9  
  143  13:18  Corruptor x5  
  143  13:19  Ultralisk Cavern  
  144  13:31  Zergling x4  
  144  13:32  Zergling x22  
  157  13:36  Hydralisk x2  
  157  13:39  Hatchery  
  160  13:42  Hydralisk  
  160  13:43  Hydralisk x4  
  160  13:46  Zerg Missile Weapons Level 3  
  170  13:48  Zerg Ground Armor Level 3  
  164  14:04  Viper x2  
  168  14:23  Chitinous Plating  
  167  14:25  Ultralisk  
  170  14:31  Zergling x6  
  170  14:32  Zergling x2  
  170  14:34  Zergling x8  
  177  14:58  Ultralisk x3  
  195  15:00  Overlord x2  
  187  15:23  Overlord x2  
  187  15:42  Anabolic Synthesis  
  181  15:44  Corruptor  
  181  15:45  Corruptor x2  
  183  16:00  Overlord x2, Drone x3  
  172  16:30  Ultralisk x3  
  180  16:46  Spore Crawler  
  179  16:47  Spore Crawler  
  179  16:53  Spore Crawler  
  163  17:02  Corruptor  
  163  17:03  Corruptor x12  
  189  17:13  Spore Crawler  
  189  17:14  Spore Crawler x2  
  186  17:15  Spore Crawler  
  186  17:20  Drone x9  
  186  17:21  Drone  
  195  17:23  Extractor x2  
  195  17:25  Overlord x2  
  193  17:31  Hatchery  
  192  17:46  Viper x2  
  192  17:50  Overlord x2  
  183  18:27  Spore Crawler x2  
  183  18:28  Spore Crawler  
  146  19:09  Zergling x30  
  123  19:21  Corruptor x5  
  91  19:32  Spore Crawler  
  91  19:35  Spore Crawler  
  91  19:37  Corruptor x4  
  77  19:48  Spore Crawler  
  77  19:51  Corruptor  
  77  19:52  Corruptor x2  
  75  19:53  Spore Crawler x3  
  75  19:54  Spore Crawler  
  64  20:10  Hatchery  
  63  20:14  Hatchery  
  63  20:15  Corruptor  
  63  20:16  Corruptor x10  
  84  20:26  Viper x2  
  84  20:27  Viper x3, Hatchery  
  84  20:28  Hatchery  
  97  20:30  Overseer x2  
  97  20:51  Viper  
  97  20:52  Viper  
  75  22:21  Corruptor x5  
  85  22:27  Zergling x18  
  94  22:35  Drone x3  
  47  23:34  Drone x13  
  48  23:35  Drone x2  
  62  24:16  Hydralisk x3  
  66  24:28  Drone x12  
  74  24:40  Hatchery  
Show
View Real Time Build Order
Export as new Build Order

Kantara Protoss - Winner!

Build Orders: 1 Gate Expand, Carriers, Carrier Rush 

Get SALT Encoding   

  12  0:07  Probe  
  13  0:20  Pylon  
  13  0:21  Probe  
  14  0:33  Probe (Chrono Boost)  
  15  0:44  Gateway  
  15  0:46  Probe (Chrono Boost)  
  16  0:52  Assimilator  
  16  0:55  Probe  
  17  1:07  Probe  
  18  1:19  Probe  
  19  1:31  Probe  
  20  1:38  Nexus  
  20  1:41  Cybernetics Core  
  20  1:43  Probe  
  21  1:47  Assimilator  
  21  1:55  Probe  
  21  1:59  Pylon  
  22  2:07  Probe  
  23  2:18  Adept  
  23  2:19  Probe, Warp Gate  
  26  2:32  Probe  
  26  2:41  Stargate  
  27  2:45  Probe (Chrono Boost)  
  27  2:49  Assimilator  
  27  2:52  Adept  
  27  2:53  Assimilator, Probe (Chrono Boost)  
  31  3:02  Probe (Chrono Boost)  
  31  3:04  Probe (Chrono Boost), Gateway  
  32  3:08  Probe (Chrono Boost)  
  33  3:12  Pylon  
  33  3:13  Probe  
  34  3:20  Void Ray (Chrono Boost)  
  34  3:21  Probe  
  34  3:25  Probe  
  36  3:33  Probe  
  41  3:40  Pylon  
  41  4:05  Fleet Beacon, Stargate  
  41  4:08  Pylon  
  42  4:11  Probe (Chrono Boost)  
  42  4:15  Probe (Chrono Boost)  
  43  4:21  Pylon  
  45  4:24  Probe (Chrono Boost)  
  45  4:25  Probe (Chrono Boost)  
  45  4:29  Probe (Chrono Boost)  
  45  4:33  Probe  
  47  4:40  Shield Battery  
  47  4:50  Carrier (Chrono Boost)  
  53  4:56  Carrier (Chrono Boost)  
  59  5:06  Probe  
  60  5:13  Protoss Air Weapons Level 1 (Chrono Boost)  
  60  5:15  Probe  
  60  5:18  Probe  
  62  5:24  Twilight Council  
  62  5:27  Probe  
  63  5:29  Pylon  
  63  5:30  Probe, Pylon  
  64  5:39  Probe  
  65  5:47  Carrier  
  71  5:54  Carrier  
  77  6:09  Nexus  
  77  6:11  Probe  
  78  6:41  Probe x2  
  80  6:51  Carrier  
  80  6:53  Probe x2  
  88  6:55  Templar Archives  
  88  6:58  Carrier  
  94  7:14  Pylon  
  94  7:15  Pylon  
  94  7:17  Assimilator  
  94  7:20  Probe x2  
  96  7:28  Psionic Storm  
  96  7:32  Probe x2  
  96  7:36  Probe  
  99  7:41  Gateway  
  99  7:44  Probe x2, Gateway  
  99  7:46  Gateway  
  99  7:48  Probe  
  102  7:52  Assimilator  
  102  7:53  Shield Battery  
  102  7:56  Probe x2  
  104  8:01  Probe  
  104  8:04  Carrier  
  111  8:10  Protoss Air Weapons Level 2 (Chrono Boost)  
  107  8:28  High Templar x2  
  99  8:48  High Templar x2  
  99  8:49  High Templar  
  105  8:58  Forge  
  105  9:00  Probe x3  
  108  9:09  Archon  
  108  9:24  Nexus  
  108  9:28  Assimilator  
  108  9:29  Probe x2  
  108  9:30  Probe  
  111  9:32  Assimilator  
  111  9:37  Pylon  
  111  9:38  Pylon x2  
  111  9:39  Pylon x2  
  111  9:40  Pylon  
  111  9:41  Probe  
  111  9:42  Probe x2  
  114  9:45  High Templar x5  
  124  9:53  Probe  
  124  9:55  Probe x2, Pylon  
  124  9:56  Pylon  
  124  9:58  Pylon  
  127  10:08  Protoss Ground Weapons Level 1 (Chrono Boost)  
  127  10:12  Carrier x2  
  139  10:25  Photon Cannon  
  139  10:27  Photon Cannon  
  139  10:29  Photon Cannon  
  139  10:30  Photon Cannon  
  139  10:31  Shield Battery  
  139  10:32  Photon Cannon, Archon  
  139  10:33  Shield Battery, Archon  
  139  10:45  Protoss Air Weapons Level 3 (Chrono Boost)  
  139  11:03  Robotics Facility  
  139  11:11  Probe x4  
  141  11:15  Nexus  
  141  11:16  Carrier x2  
  155  11:23  Probe x3  
  158  11:36  Mothership (Chrono Boost)  
  166  11:44  Stargate  
  166  11:46  Stargate  
  166  11:53  Probe x3 (Chrono Boost)  
  169  12:01  Protoss Ground Weapons Level 2 (Chrono Boost)  
  169  12:08  Pylon  
  169  12:09  Pylon  
  169  12:10  Unknown  
  169  12:11  Pylon  
  169  12:12  High Templar x2  
  169  12:14  Void Ray x2  
  173  12:16  Archon  
  173  12:20  Observer  
  182  12:28  Photon Cannon  
  182  12:29  Photon Cannon x2  
  182  12:30  Photon Cannon  
  182  12:32  Shield Battery, Photon Cannon  
  182  12:33  Shield Battery  
  182  12:41  Observer  
  183  12:51  Void Ray x3  
  183  12:52  Void Ray  
  199  13:15  Protoss Air Armor Level 1  
  200  13:20  Probe  
  200  13:53  Nexus  
  200  13:54  Pylon  
  200  13:55  Assimilator, Pylon  
  200  13:58  Pylon  
  200  13:59  Assimilator  
  187  14:23  Zealot x3  
  187  14:24  Zealot x2  
  179  14:35  Tempest x2  
  188  14:39  Probe  
  188  14:40  Probe x2  
  188  14:41  Probe x2  
  193  14:49  Protoss Ground Weapons Level 3 (Chrono Boost)  
  193  14:52  Probe x3  
  196  15:01  Probe x2  
  196  15:04  Probe x2  
  200  15:10  Photon Cannon  
  200  15:11  Photon Cannon  
  200  15:13  Probe, Photon Cannon  
  198  15:16  Photon Cannon  
  198  15:18  Photon Cannon  
  198  15:20  Photon Cannon  
  197  15:22  Photon Cannon  
  197  15:23  Shield Battery  
  197  15:27  Shield Battery, Protoss Air Armor Level 2  
  197  15:28  Photon Cannon  
  197  15:29  Photon Cannon  
  197  15:31  Photon Cannon  
  197  15:34  Photon Cannon  
  197  15:49  Nexus  
  197  15:54  Photon Cannon  
  197  15:56  Probe x3, Photon Cannon  
  200  15:59  Photon Cannon  
  200  16:01  Photon Cannon  
  200  16:03  Photon Cannon x2  
  200  16:04  Shield Battery, Photon Cannon  
  200  16:06  Photon Cannon  
  200  16:10  Photon Cannon  
  200  16:45  Unknown  
  187  17:19  Tempest  
  187  17:20  Tempest, Nexus  
  197  17:24  Photon Cannon  
  197  17:26  Photon Cannon  
  197  17:28  Photon Cannon  
  197  17:29  Photon Cannon  
  197  17:30  Shield Battery  
  197  17:44  Nexus  
  197  17:45  Protoss Shields Level 1 (Chrono Boost)  
  196  18:01  Protoss Air Armor Level 3 (Chrono Boost)  
  196  18:09  Pylon  
  196  18:13  Pylon  
  196  19:00  Mothership (Chrono Boost)  
  185  19:17  Archon  
  185  19:18  Archon  
  173  19:25  Tempest x3  
  173  19:29  High Templar x5  
  186  20:07  Probe x2  
  186  20:08  Probe x2  
  190  20:51  High Templar x5  
  200  21:31  Protoss Shields Level 2 (Chrono Boost)  
  200  21:45  Assimilator  
  200  21:49  Assimilator  
  200  21:54  Photon Cannon  
  200  21:55  Photon Cannon  
  200  21:57  Photon Cannon  
  200  22:01  Photon Cannon  
  200  22:03  Photon Cannon  
  200  22:04  Shield Battery  
  200  22:07  Shield Battery  
  200  22:34  Nexus  
  200  22:37  Pylon x2  
  200  22:38  Pylon  
  200  22:39  Unknown  
  187  23:26  Probe  
  187  23:27  Probe x2  
  189  23:31  High Templar x3  
  189  23:32  High Templar  
  189  23:38  Photon Cannon  
  189  23:40  Photon Cannon  
  189  23:41  Shield Battery, Photon Cannon  
  189  23:42  Photon Cannon  
  189  23:43  Shield Battery, Archon x2  
  189  23:44  Photon Cannon  
  189  23:47  Shield Battery  
  185  24:41  High Templar x3  
  185  24:42  High Templar  
Tags
 
Add a new tag
Caveats
  • Supply blocks, unpowered buildings, or Contaminate may cause inaccurate times.
  • Supply counts are checked every 10 seconds.